 Dungeon Crawl Stone Soup version 0.23.2-33-g5129a83 (webtiles) character file.

Game seed: 5561631298658638740

98 thomd the Firebug (level 4, -5/33 HPs)
             Began as a Hill Orc Fire Elementalist on Aug 3, 2019.
             Splashed by a kobold's acid (16 damage)
             ... on level 3 of the Dungeon.
             The game lasted 00:06:49 (2062 turns).

thomd the Firebug (Hill Orc Fire Elementalist)      Turns: 2062, Time: 00:06:49

Health: -5/33      AC:  2    Str: 10    XL:     4   Next: 71%
Magic:  5/7        EV: 12    Int: 16    God:
Gold:   94         SH:  0    Dex: 11    Spells: 1/7 levels left

rFire    x . .     SeeInvis .   b - +0 spear
rCold    + + .     Gourm    .   (no shield)
rNeg     . . .     Faith    .   a - +0 robe
rPois    .         Spirit   .   (no helmet)
rElec    .         Reflect  .   (no cloak)
rCorr    .         Harm     .   (no gloves)
MR       .....                  (no boots)
Stlth    ++........             (no amulet)
HPRegen  0.11/turn              f - ring of ice
MPRegen  0.10/turn              g - ring of protection from cold

@: no status effects
A: no striking features
a: no special abilities


You were on level 3 of the Dungeon.
You were not hungry.

You visited 1 branch of the dungeon, and saw 3 of its levels.

You collected 94 gold pieces.

Inventory:

Hand Weapons
 b - a +0 spear (weapon)
Armour
 a - a +0 robe (worn)
Jewellery
 f - a ring of ice (left hand)
 g - a ring of protection from cold (right hand)
Scrolls
 d - a scroll of remove curse
 e - a scroll of magic mapping
Potions
 i - a potion of haste
 k - a potion of might {unknown}
Comestibles
 c - 6 rations
 h - 3 chunks of flesh


   Skills:
 - Level 1.5 Dodging
 - Level 1.5 Stealth
 + Level 2.2 Spellcasting
 * Level 2.3 Conjurations
 + Level 4.6 Fire Magic


You had one spell level left.
You knew the following spells:

 Your Spells              Type           Power        Failure   Level  Hunger
a - Flame Tongue          Conj/Fire      ##...        4%          1    #......
b - Throw Flame           Conj/Fire      ##....       8%          2    ###....
c - Conjure Flame         Conj/Fire      ##......     14%         3    ###....

Your spell library contained the following spells:

 Spells                   Type           Power        Failure   Level  Hunger
 Animate Skeleton         Necr           N/A          21%         1    #......
 Apportation              Tloc           #.....       21%         1    #......
 Confusing Touch          Hex            #.....       21%         1    #......
 Summon Small Mammal      Summ           #...         21%         1    #......
 Inner Flame              Hex/Fire       #.......     24%         3    ###....
 Sticky Flame             Conj/Fire      ##......     43%         4    #####..
 Confuse                  Hex            #.......     52%         3    ###....
 Gell's Gravitas          Tloc           #.........   52%         3    ###....
 Fireball                 Conj/Fire      ##........   80%         5    ######.
 Petrify                  Tmut/Erth      #.......     90%         4    #####..
 Metabolic Englaciation   Hex/Ice        #.........   99%         5    ######.
 Yara's Violent Unravell  Hex/Tmut       #.........   99%         5    ######.


Dungeon Overview and Level Annotations

Branches:
Dungeon (3/15)

Altars:


Message History

Aim: a goblin The flame tongue hits the goblin.
The goblin is severely wounded.
The goblin hits you.
Casting: Flame Tongue (safe; 4% risk of failure)
Confirm with . or Enter, or press ? or * to list all spells.
Aiming: Flame Tongue (safe; 4% risk of failure)
Press: ? - help, Shift-Dir - straight line, f/p - goblin
Aim: a goblin (severely wounded)
The flame tongue hits the goblin!
You kill the goblin!
You see here a book of Cantrips.
You pick up a book of Cantrips and begin reading...
You add the spells Animate Skeleton, Summon Small Mammal and Apportation to your library.
A scorpion is nearby!
A kobold comes into view.
It is wielding a +0 dagger and carrying a wand of acid (9).
The kobold zaps a wand.
The bolt of acid hits you!!
Ouch! That really hurt!
You are splashed with acid!
You die...

... # .. #. #.#. #...
.s####..# .#
.#####.....#†###### #...
......####........#....#
#....###..##....#
########......##@#.....#
.................# #...#
############.......? ...
.........## ##
#####..#... ##K###. #.#
. ... .


You could see a kobold.

Vanquished Creatures
  4 adders (D:2)
  An ooze (D:2)
  A worm (D:2)
  A dart slug (D:1)
  A leopard gecko (D:1)
  2 giant cockroaches (D:1)
  4 goblins
  5 hobgoblins
  6 jackals (D:2)
  A quokka (D:2)
  4 bats
  5 frilled lizards
  13 kobolds
  5 rats
53 creatures vanquished.

Notes
Turn   | Place    | Note
-------+----------+-------------------------------------------
     0 | D:1      | thomd the Hill Orc Fire Elementalist began the quest for
                  | the Orb.
     0 | D:1      | Reached XP level 1. HP: 14/14 MP: 3/3
   300 | D:1      | Reached XP level 2. HP: 20/20 MP: 4/4
   546 | D:1      | Reached skill level 4 in Fire Magic
   546 | D:1      | Reached XP level 3. HP: 22/26 MP: 5/5
   966 | D:2      | Reached XP level 4. HP: 27/33 MP: 1/7
  1570 | D:2      | Learned a level 2 spell: Throw Flame
  1574 | D:2      | Learned a level 3 spell: Conjure Flame
  2062 | D:3      | Splashed by a kobold's acid

Skill      XL: |  1  2  3 |
---------------+----------+-----
Fire Magic     | 4 |  4.6
Spellcasting   | 2 |  2.2
Conjurations   | 2 |  2.3
Dodging        | |  1.5
Stealth        | |  1.5

Action                   |  1- 3 |  4- 6 || total
-------------------------+-------+-------++-------
Melee: Spear             |    42 |    39 ||    81
 Cast: Flame Tongue      |    36 |    34 ||    70
  Use: Scroll            |       |     3 ||     3
       Potion            |       |     1 ||     1
 Stab: Sleeping          |     2 |       ||     2
  Eat: Chunk             |     1 |     4 ||     5
Armor: Robe              |     7 |    10 ||    17
Dodge: Dodged            |    27 |    50 ||    77
